 Dungeon Crawl Stone Soup version 0.26-a0-720-g2a1d101370 (webtiles) character file.

Game seed: 3135387605222163608

32 demibob the Skirmisher (level 3, -11/30 HPs)
             Began as a Demonspawn Chaos Knight on Nov 4, 2020.
             Was a Plaything of Xom.
             Mangled by a harpy (shapeshifter) (17 damage)
             ... on level 1 of the Dungeon.
             The game lasted 00:01:20 (717 turns).

demibob the Skirmisher (Demonspawn Chaos Knight)     Turns: 717, Time: 00:01:21

Health: -11/30     AC:  6    Str: 13    XL:     3   Next: 8%
Magic:  3/3        EV: 11    Int: 13    God:    Xom [*.....]
Gold:   68         SH:  0    Dex: 12    Spells: 2/2 levels left

rFire    . . .     SeeInvis .   a - +0 spear (chaos)
rCold    . . .     Faith    .   (no shield)
rNeg     . . .     Spirit   .   b - +2 leather armour
rPois    .         Reflect  .   g - +0 helmet
rElec    .         Harm     .   (no cloak)
rCorr    .         Rampage  .   (no gloves)
MR       .....                  (no boots)
Stlth    +.........             (no amulet)
HPRegen  0.10/turn              (no ring)
MPRegen  0.08/turn              (no ring)

@: liquefying, slowed movement, very slow
A: claws 1
a: Renounce Religion


You were on level 1 of the Dungeon.
You worshipped Xom.
You were a special plaything of Xom.
You visited 1 branch of the dungeon, and saw 1 of its levels.

You collected 68 gold pieces.

Inventory:

Hand Weapons
 a - a +0 spear of chaos (weapon)
Armour
 b - a +2 leather armour (worn)
 g - a +0 helmet (worn)
Scrolls
 c - a scroll of amnesia {unknown}
 d - a scroll of identify
 h - a scroll of blinking {unknown}
Potions
 e - a potion of degeneration
 f - a potion of curing {unknown}


   Skills:
 + Level 3.8 Fighting
 + Level 3.2 Polearms
 - Level 1.7 Armour
 - Level 0.8 Dodging


You had 2 spell levels left.
You didn't know any spells.
Your spell library was empty.

Dungeon Overview and Level Annotations

Branches:
Dungeon (1/15)

Altars:


Innate Abilities, Weirdness & Mutations

You have sharp fingernails.


Message History

A harpy is nearby!
The harpy screeches!
You hear a bark!
The harpy claws you.
* * * LOW HITPOINT WARNING * * *
The harpy barely misses you. The harpy misses your butterfly.
The harpy barely misses your butterfly.
Xom guffaws.
The ground around you becomes liquefied!
You are now a special plaything of Xom.
The harpy barely misses you. The harpy closely misses you.
As you read the scroll labeled NADWIOHEIL, it crumbles to dust.
It is a scroll of identify.
e - a potion of degeneration The harpy closely misses you.
The harpy barely misses you.
The harpy closely misses your butterfly.
The harpy completely misses your butterfly.
The harpy claws you!
Ouch! That really hurt!
You die...
Xom roars with laughter!

#.#[###.###.#.####
#.......#...#...#
###.............#
#..####.......#
##.....#.......#
#(.....#.[.....#
#(#.####.......#
#(#... ........#
#@#.#####.######
#H#.# #. #b#[#
#.))b.# #.#b#....
#.#.#.##.# # #.. .
# ### ##


You could see a harpy shaped shifter.

Vanquished Creatures
  An ooze (D:1)
  A leopard gecko (D:1)
  5 goblins (D:1)
  3 hobgoblins (D:1)
  A ball python (D:1)
  4 bats (D:1)
  A frilled lizard (D:1)
  6 kobolds (D:1)
  5 rats (D:1)
27 creatures vanquished.

Vanquished Creatures (others)
  8 plants (D:1)
8 creatures vanquished.

Grand Total: 35 creatures vanquished

Notes
Turn   | Place    | Note
-------+----------+-------------------------------------------
     0 | D:1      | demibob the Demonspawn Chaos Knight began the quest for the
                  | Orb.
     0 | D:1      | Reached XP level 1. HP: 18/18 MP: 1/1
    61 | D:1      | XOM: silly message
   149 | D:1      | Gained mutation: You have sharp fingernails. [demonic
                  | ancestry]
   149 | D:1      | Reached XP level 2. HP: 24/24 MP: 2/2
   582 | D:1      | Reached XP level 3. HP: 30/30 MP: 3/3
   712 | D:1      | Noticed a shapeshifter
   712 | D:1      | a dart slug changed into a shapeshifter
   712 | D:1      | Noticed a harpy
   712 | D:1      | a shapeshifter changed into a harpy
   714 | D:1      | XOM: butterfly on damage
   716 | D:1      | XOM: cast spell 'Leda's Liquefaction'
   717 | D:1      | Mangled by a harpy (shapeshifter)

Illustrated notes

Levels and vault maps discovered:
D:1:      dpeg_arrival_radiant, layout_loops_cross, lexackson_kobold_supper

Skill      XL: |  1  2 |
---------------+-------+-----
Polearms       | 3 |  3.2
Fighting       | |  3.8
Armour         | |  1.7
Dodging        | |  0.8

Action                   || total
-------------------------++-------
Melee: Spear             ||   102
  Use: Scroll            ||     1
Armor: Leather armour    ||    23
Dodge: Dodged            ||    67

Table legend: (Time is in decaauts)
 A = Elapsed time spent in this place.
 B = Non-inter-level travel time spent in this place.
 C = Inter-level travel time spent in this place.
 D = Time resting spent in this place.
 E = Time spent auto-exploring this place.
 F = Levels seen in this place.
 G = Mean time per level.
                   A        B        C        D        E       F      G
               +--------+--------+--------+--------+--------+-----+--------+
         Total |    712 |    712 |      0 |      0 |    542 |   1 |  712.0 |
       Dungeon |    712 |    712 |      0 |      0 |    542 |   1 |  712.0 |
               +--------+--------+--------+--------+--------+-----+--------+

Top non-repeatable levels by time:
     D:1: 712 daAuts
